 Dungeon Crawl Stone Soup version 0.28-b1-1-g3c77fb2ed1 (webtiles) character file.

Game seed: 4429216953162793985

41 Akaron the Insei (level 3, -20/23 HPs)
             Began as an Octopode Transmuter on Jan 30, 2022.
             Demolished by an ogre (27 damage)
             ... on level 2 of the Dungeon.
             The game lasted 00:02:16 (1664 turns).

Akaron the Insei (Octopode Transmuter)              Turns: 1664, Time: 00:02:16

Health: -20/23     AC:  1    Str:  9    XL:     3   Next: 52%
Magic:  5/6        EV: 13    Int: 15    God:
Gold:   73         SH:  0    Dex: 14    Spells: 3/6 levels left

rFire   . . .      SeeInvis .     - Unarmed
rCold   . . .      Faith    .   (no shield)
rNeg    . . .      Spirit   .   (helmet currently unavailable)
rPois   .          Reflect  .   (no amulet)
rElec   .          Harm     .   (no ring)
rCorr   .          Rampage  .   (no ring)
Will    .....                   (no ring)
Stlth   +++.......              (no ring)
HPRegen 0.07/turn               (no ring)
MPRegen 0.10/turn               (no ring)
                                (no ring)
                                (no ring)

@: appendages (expiring)
A: tentacle spike 3, almost no armour, amphibious, 8 rings, camouflage 1,
gelatinous body 1, (nimble swimmer 1), tentacles
a: End Transformation


You were on level 2 of the Dungeon.
One of your tentacles had grown a beastly spike.
You visited 1 branch of the dungeon, and saw 2 of its levels.

You collected 73 gold pieces.

Inventory:

Hand Weapons
 b - a +0 hand axe
Scrolls
 c - a scroll of identify {unknown}
Potions
 a - a potion of might {unknown}
 d - 2 potions of curing {unknown}


   Skills:
 + Level 1.0 Fighting
 + Level 2.2 Dodging
 + Level 0.8 Stealth
 + Level 3.8 Unarmed Combat
 + Level 2.2 Spellcasting
 + Level 2.3 Transmutations


You had 3 spell levels left.
You knew the following spells:

 Your Spells              Type           Power      Damage    Failure   Level
a - Beastly Appendage     Tmut           16%        N/A       9%          1
b - Wereblood             Tmut           8%         N/A       12%         2

Your spell library contained the following spells:

 Spells                   Type           Power      Damage    Failure   Level
 Spider Form              Tmut/Pois      5%         N/A       36%         3
 Ice Form                 Ice/Tmut       5%         N/A       78%         4


Dungeon Overview and Level Annotations

Branches:
Dungeon (2/15)

Altars:


Innate Abilities, Weirdness & Mutations

One of your tentacles has grown a beastly spike.
You cannot wear most types of armour.
You are amphibious.
You can wear up to eight rings at the same time.
Your skin changes colour to match your surroundings (Stealth+).
Your rubbery body absorbs attacks. (AC +1, EV +1)
((You are camouflaged when in or above water. (Stealth+)))
You have tentacles for arms and can constrict up to eight enemies at once.


Message History

Found 16 stones.
There is a stone staircase leading down here.
Done exploring.
Done exploring.
There is a stone staircase leading down here.
You climb downwards.
There is a stone staircase leading up here.
A frilled lizard comes into view.
The helpless frilled lizard fails to defend itself.
You tentacle-slap the frilled lizard.
You kill the frilled lizard!
No target in view!
No target in view!
You see here a frilled lizard corpse.
An adder comes into view.
An ogre and an endoplasm come into view.
Okay, then.
You open the door.
There is an open door here.
You open the door.
You close the door.
Casting: Beastly Appendage (safe; 9% risk of failure)
Press: ? - help, Q - select action, (/) - cycle Dir - look around, f - activate One of your tentacles grows a vicious spike.
Found a scroll labelled VEYMIN CEUCSO.
Your transformation is almost over.
The helpless ogre fails to defend itself.
You tentacle-slap the ogre.
You pierce the ogre.
The ogre is moderately wounded.
The ogre hits you with a +0 giant club!
Ouch! That really hurt!
You tentacle-slap the ogre but do no damage.
You pierce the ogre.
The ogre is heavily wounded.
The ogre completely misses you.
You tentacle-slap the ogre but do no damage.
The ogre is moderately wounded.
The ogre hits you with a +0 giant club!!
Ouch! That really hurt!
You die...

#.###.#..#.#
#.###'#..#.#
#..........#######
.
###..............#
...##
#........#####..#
......##.#......#
......+..#...##.#
......####.####.#
..... #.....O@.#
#####....#........#
#....#######.....?
#... ..#... #...S
..# .. .... ..# #
##.J ... ..


You could see an ogre.

Vanquished Creatures
  A dart slug (D:1)
  2 ball pythons (D:1)
  2 bats (D:1)
  3 endoplasms (D:1)
  2 giant cockroaches (D:1)
  4 goblins (D:1)
  2 hobgoblins (D:1)
  4 jackals (D:1)
  3 kobolds (D:1)
  2 quokkas (D:1)
  3 frilled lizards
  4 rats (D:1)
32 creatures vanquished.

Notes
Turn   | Place    | Note
-------+----------+-------------------------------------------
     0 | D:1      | Akaron the Octopode Transmuter began the quest for the Orb.
     0 | D:1      | Reached XP level 1. HP: 13/13 MP: 3/3
   174 | D:1      | Reached XP level 2. HP: 4/18 MP: 5/5
   788 | D:1      | Learned a level 2 spell: Wereblood
   798 | D:1      | Reached XP level 3. HP: 19/23 MP: 6/6
  1625 | D:2      | Noticed an ogre
  1664 | D:2      | Demolished by an ogre

Illustrated notes

Levels and vault maps discovered:
D:1:      eino_arrival_cavern_b, layout_basic, minmay_distorted
D:2:      cheibrodos_old_hovel, layout_basic, serial_shops,
          nicolae_shop_overgrown_old_shop

Action                   || total
-------------------------++-------
Melee: Unarmed           ||    71
       Tentacles         ||    16
       Constrict         ||    19
       Kick              ||     3
       Punch             ||     1
 Cast: Beastly Appendage ||     2
 Stab: Distracted        ||     1
       Sleeping          ||     9
Armor: Skin              ||     4
Dodge: Dodged            ||    33
